 Dungeon Crawl Stone Soup version 0.21-a0-205-ge9f4a53 (webtiles) character file.

3664 Helio the Covert (level 9, 0/42 HPs)
             Began as a Spriggan Enchanter on Aug 20, 2017.
             Was an Initiate of Dithmenos.
             Slain by an ice beast (11 damage)
             ... on level 8 of the Dungeon.
             The game lasted 00:31:29 (11415 turns).

Helio the Covert (Spriggan Enchanter)              Turns: 11415, Time: 00:31:29

Health: 0/42       AC:  3    Str:  6    XL:     9   Next: 89%
Magic:  9/22       EV: 20    Int: 17    God:    Dithmenos [......]
Gold:   381        SH:  0    Dex: 17    Spells: 13/25 levels left

rFire    . . .     SeeInvis +   k - +3 dagger (venom)
rCold    . . .     Gourm    .   (shield restricted)
rNeg     . . .     Faith    .   b - +1 robe
rPois    .         Spirit   .   (helmet restricted)
rElec    .         Reflect  .   (no cloak)
rCorr    .         Harm     .   (gloves unavailable)
MR       +....                  (boots unavailable)
Stlth    ++++++....             (no amulet)
HPRegen  0.14/turn              (no ring)
MPRegen  0.18/turn              (no ring)

@: very quick
A: unfitting armour, see invisible, herbivore 3, speed 3, slow metabolism 2
a: Renounce Religion


You were on level 8 of the Dungeon.
You worshipped Dithmenos.
Dithmenos was noncommittal.
You were not hungry.

You visited 2 branches of the dungeon, and saw 9 of its levels.
You also visited: Ossuary.

You collected 381 gold pieces.

Inventory:

Hand Weapons
 a - a +1 dagger
 f - a +0 rapier
 k - a +3 dagger of venom (weapon)
 C - a +1 short sword of speed
Armour
 b - a +1 robe (worn)
Wands
 i - a wand of lightning (10/15)
Scrolls
 c - 4 scrolls of teleportation
 e - 2 scrolls of enchant armour
 g - a scroll of magic mapping
 j - a scroll of fog
 l - 3 scrolls of remove curse
 v - a scroll of recharging
Potions
 h - 6 potions of curing
 m - a potion of flight
 n - a potion of ambrosia {unknown}
 o - a potion of haste {unknown}
 p - 3 potions of brilliance
 q - a potion of agility {unknown}
 r - a potion of heal wounds {unknown}
 s - 2 potions of berserk rage
 u - 2 potions of degeneration {unknown}
 z - a potion of magic {unknown}
Books
 t - a book of Cantrips

   Spells                             Type                      Level
   a - Confusing Touch                Hexes                        1
   b - Animate Skeleton               Necromancy                   1
   c - Summon Small Mammal            Summoning                    1
   d - Apportation                    Translocation                1
 y - a book of Minor Magic

   Spells                             Type                      Level
   a - Magic Dart                     Conjuration                  1
   b - Blink                          Translocation                2
   c - Call Imp                       Summoning                    2
   d - Slow                           Hexes                        2
   e - Conjure Flame                  Conjuration/Fire             3
   f - Mephitic Cloud                 Conjuration/Poison/Air       3
Comestibles
 d - 7 bread rations
 A - 5 royal jellies
 B - 4 fruits


   Skills:
 + Level 1.7 Fighting
 + Level 2.5 Short Blades
 + Level 4.4 Dodging
 + Level 14.4 Stealth
 + Level 8.6 Spellcasting
 + Level 9.2 Hexes


You had 13 spell levels left.
You knew the following spells:

 Your Spells              Type           Power        Failure   Level  Hunger
a - Ensorcelled Hibernat  Hex/Ice        ###...       2%          2    None
b - Corona                Hex            #####..      1%          1    None
c - Confuse               Hex            #####...     1%          3    #......
d - Tukima's Dance        Hex            #####...     1%          3    #......
e - Dazzling Spray        Conj/Hex       ###...       4%          3    #......


Dungeon Overview and Level Annotations

Branches:
Dungeon (8/15)             Temple (1/1) D:7
   Lair: D:8-11

Altars:
Ashenzari
Cheibriados
Dithmenos
Elyvilon
Fedhas
Gozag
Hepliaklqana
Kikubaaqudgha
Makhleb
Nemelex Xobeh
Okawaru
Qazlal
Ru
Sif Muna
Trog
Uskayaw
Vehumet
Wu Jian
Xom
Yredelemnul
Zin
The Shining One

Shops:
D:5 (


Innate Abilities, Weirdness & Mutations

You are very small and have problems with some larger weapons.
You are too small for most types of armour.
You have supernaturally acute eyesight. (SInv)
You are a herbivore.
You cover ground extremely quickly.
You need consume almost no food.


Message History

Dithmenos accepts your kill.
The ice beast misses the big kobold.
The kobold misses you.
Unknown command.
Casting: Dazzling Spray
Confirm with . or Enter, or press ? or * to list all spells.
Aiming: Dazzling Spray
Press: ? - help, Shift-Dir - straight line, f/p - ice beast
Aim: an ice beast (lightly wounded, confused, blind)
The spray of energy hits the kobold.
You kill the kobold!
Dithmenos accepts your kill.
You are too injured to fight recklessly!
You are too injured to fight recklessly!
The big kobold barely misses you.
You hit the ice beast.
The ice beast is poisoned.
The ice beast is lightly wounded.
The big kobold is no longer blind.
The ice beast hits you.
* * * LOW HITPOINT WARNING * * *
The ice beast freezes you!
You die...

##..##.#..##########.#.
#..##^.#.............#.
#####.##...'...#####.......
..
.......##^.#...#...#?######
#.. ...≈≈≈..##.#...#.#.#.#
.. ...≈≈≈...###..##.#.#.# .
..........##..##.....#
.......†#YK#.#####.###
##########@).# #.# #...#
#.# ##..# #.# #..# #.#
###..#####.# #........#.#
#........#.# #..........#
#........###


You could see an ice beast (confused) and a big kobold.

Vanquished Creatures
  Pikel (D:4)
  A yak (D:7)
  3 hogs (D:7)
  A human (D:7)
  Menkaure (D:4)
  2 ice beasts (D:6)
  2 phantoms (D:6)
  A slave (D:4)
  3 ogres
  4 centaurs
  2 bullfrogs (D:6)
  3 water moccasin zombies (Ossuary)
  A scorpion (D:7)
  6 wights
  A bullfrog zombie (D:6)
  2 crimson imps
  2 centaur skeletons
  3 hounds
  3 jellies
  An orc priest (D:6)
  3 orc wizards
  2 iguanas
  2 worker ants (D:5)
  A big kobold zombie (Ossuary)
  2 hound skeletons
  3 mummies
  4 gnolls (D:4)
  7 adders
  A shadow imp (D:6)
  2 oozes (D:1)
  6 adder zombies
  An adder skeleton (D:6)
  2 worms (D:2)
  6 dart slugs
  4 leopard geckos
  19 orcs
  A ball python (D:4)
  8 bats
  4 giant cockroaches
  A gnoll zombie (Ossuary)
  7 goblins
  8 hobgoblins
  9 jackals
  4 quokkas
  4 frilled lizards
  6 hobgoblin zombies (Ossuary)
  9 kobolds
  6 kobold zombies (Ossuary)
  A leopard gecko zombie (D:6)
  3 orc zombies (Ossuary)
  2 quokka skeletons
  9 rats
190 creatures vanquished.

Notes
Turn   | Place    | Note
-------+----------+-------------------------------------------
     0 | D:1      | Helio the Spriggan Enchanter began the quest for the Orb.
     0 | D:1      | Reached XP level 1. HP: 9/9 MP: 5/5
  1228 | D:3      | Reached XP level 2. HP: 6/13 MP: 5/7
  1232 | D:3      | Learned a level 2 spell: Ensorcelled Hibernation
  1864 | D:1      | Reached XP level 3. HP: 10/16 MP: 9/9
  1955 | D:1      | Learned a level 3 spell: Confuse
  1959 | D:1      | Learned a level 3 spell: Tukima's Dance
  2304 | D:1      | Found a shattered altar of Ashenzari.
  2725 | D:2      | Reached skill level 5 in Hexes
  2799 | D:2      | Reached XP level 4. HP: 21/21 MP: 11/11
  3423 | D:3      | Found a sparkling altar of Nemelex Xobeh.
  3994 | D:4      | Noticed a slave
  3995 | D:4      | Noticed Pikel
  3995 | D:4      | Noticed a slave
  3995 | D:4      | Noticed a slave
  3999 | D:4      | Noticed a slave
  4322 | D:4      | Killed a slave
  4454 | D:4      | Killed Pikel
  4454 | D:4      | Reached XP level 5. HP: 5/24 MP: 4/15
  4454 | D:4      | Reached XP level 6. HP: 6/28 MP: 4/16
  4454 | D:4      | Reached XP level 7. HP: 7/32 MP: 4/18
  4991 | D:4      | Learned a level 3 spell: Dazzling Spray
  5274 | D:4      | Noticed Menkaure
  5282 | D:4      | Killed Menkaure
  5312 | D:4      | Found a sacrificial altar of Ru.
  5327 | D:4      | Found a white marble altar of Elyvilon.
  5554 | D:4      | Found an iron altar of Okawaru.
  5761 | D:5      | Entered Level 5 of the Dungeon
  5972 | D:5      | Reached XP level 8. HP: 36/36 MP: 13/21
  6047 | D:5      | Reached skill level 5 in Stealth
  6054 | D:5      | Found Vixtorr's Antique Weapon Shoppe.
  6168 | D:5      | Reached skill level 6 in Stealth
  6184 | D:5      | Reached skill level 7 in Stealth
  6694 | D:5      | Found a basalt altar of Yredelemnul.
  6696 | D:5      | Found a bloodstained altar of Trog.
  6696 | D:5      | Found a snail-covered altar of Cheibriados.
  6701 | D:5      | Reached skill level 8 in Stealth
  7001 | D:6      | Reached skill level 9 in Stealth
  7352 | D:6      | Reached skill level 10 in Stealth
  7449 | D:6      | You fall through a shaft for 2 floors!
  7546 | D:8      | Found a sand-covered staircase.
  7553 | Ossuary  | Entered an ossuary
  7558 | Ossuary  | Reached skill level 11 in Stealth
  8472 | Ossuary  | Reached XP level 9. HP: 31/39 MP: 18/22
  8580 | D:8      | Reached skill level 12 in Stealth
  9051 | D:7      | Found a staircase to the Ecumenical Temple.
  9061 | Temple   | Entered the Ecumenical Temple
  9107 | Temple   | Became a worshipper of Dithmenos the Shadowed
  9309 | D:7      | Reached skill level 13 in Stealth
  9574 | D:7      | Reached skill level 14 in Stealth
  9863 | D:6      | Reached skill level 1 in Fighting
 11415 | D:8      | Slain by an ice beast

Vault maps used:
D:1:      erik_arrival_blinker_ship, evilmike_ruin_ashenzari
D:2:      grunt_ministairs_11, kennysheep_doodads, minmay_tromino_v7
D:3:      old_standard_altar, first_bread
D:4:      kb_forest_paths, old_standard_altar, lemuel_crystal_altar,
          okawaru_altar_gauntlet_db, uniq_pikel, uniq_menkaure
D:5:      grunt_temple_overflow_diamond, serial_shops, nicolae_shop_trees
D:7:      minmay_temple_entry_poolview, grunt_livestock, hangedman_decor_points,
          hangedman_abyss_or_decor_slice
D:8:      gup_ossuary_entry_pyramid
Temple:   eino_temple_rhombus
Ossuary:  ossuary_tomb_2

Skill      XL: |  1  2  3  4  5  6  7  8  9 |
---------------+----------------------------+-----
Spellcasting   | 3 4 6 8 |  8.6
Hexes          | 4 5 7 8 9 |  9.2
Stealth        | 11 14 | 14.4
Fighting       | 1 |  1.7
Dodging        | 4 |  4.4
Short Blades   | 2 |  2.5

Action                   |  1- 3 |  4- 6 |  7- 9 || total
-------------------------+-------+-------+-------++-------
Melee: Dagger            |   124 |    50 |   406 ||   580
       Rapier            |     2 |       |       ||     2
 Cast: Corona            |     5 |       |       ||     5
       Ensorcelled Hiber |     8 |    13 |    24 ||    45
       Confuse           |       |     2 |    37 ||    39
       Dazzling Spray    |       |       |    11 ||    11
  Use: Scroll            |       |     8 |     7 ||    15
 Stab: Sleeping          |    13 |     9 |    45 ||    67
       Confused          |       |     2 |    19 ||    21
       Invisible         |       |       |     2 ||     2
       Distracted        |       |       |     2 ||     2
  Eat: Royal jelly       |       |     2 |     1 ||     3
       Fruit             |       |       |     5 ||     5
Armor: Robe              |    14 |     4 |    24 ||    42
Dodge: Dodged            |    95 |    32 |   230 ||   357
